Stars vs Sharks

Created - Thursday, October 30, 2014 at 22:40

Goals
1 2 3 T
Stars 0 0 1 1
Sharks 2 1 3 6
Shots
1 2 3 T
Stars 5 9 14 28
Sharks 6 6 8 20

1st period

1. Sharks , Andy Andreoff 1 (Mark Barberio) at 9:23
2. Sharks , Brendan Mikkelson 2 (Mark Barberio, Louis Leblanc) at 17:53

Penalties :
Spencer Machacek (TEX) for Holding (Minor) at 18:26

2nd period

3. Sharks , Tom Kostopoulos 3 (Marek Hrivik, Louis Leblanc) at 1:27

Penalties :
No Penalty

3rd period

4. Stars , Zac Dalpe 2 (Justin Shugg) at 2:16
5. Sharks , Dominik Uher 2 (Luke Glendening, Mike Halmo) at 4:21
6. Sharks , Louis Leblanc 2 (Mark Barberio, Tom Kostopoulos) at 6:17 (PP)
7. Sharks , Dominik Uher 3 (Andy Andreoff, Mike Halmo) at 17:50

Penalties :
Jamie Oleksiak (TEX) for Tripping (Minor) at 4:28, Louis Leblanc (WOR) for Hooking (Minor) at 12:59, Alexandre Grenier (TEX) for Holding (Minor) at 18:23

Goalie Stats

Farm Player78 (TEX), 14 saves from 18 shots - (0.778), L, 0-1-0, 44:21 minutes
Farm Player79 (TEX), 0 saves from 2 shots - (0.000), 15:39 minutes
Aaron Dell (WOR), 27 saves from 28 shots - (0.964), W, 2-2-0, 60:00 minutes

Players Stats for Stars

Player Name              G  A  P  +/- PIM S  H  SB GA TA FO     MP     PP MP  PK MP  
------------------------------------------------------------------------------------
Alexandre Grenier        0  0  0  -1  2   2  3  0  2  0  0/0    15:18   0:01   0:00 
Austin Madaisky          0  0  0  -1  0   2  1  0  4  1  0/0    15:38   0:00   0:00 
Cameron Gaunce           0  0  0  -2  0   1  2  2  1  0  0/0    19:28   0:52   1:15 
Carlo Colaiacovo         0  0  0  -1  0   2  2  4  2  0  0/0    24:54   1:07   4:09 
Carter Bancks            0  0  0  -2  0   2  1  1  1  0  2/2    17:42   0:00   2:11 
Jamie Oleksiak           0  0  0  -1  2   3  1  1  0  0  0/0    23:40   1:07   2:56 
Joonas Rask              0  0  0   0  0   0  0  0  0  0  0/0     0:00   0:00   0:00 
Justin Shugg             0  1  1   1  0   0  1  0  1  1  0/1    14:58   0:45   0:52 
Matt Lowry               0  0  0  -2  0   2  1  0  1  0  1/3    15:12   0:00   0:00 
Matt Watkins             0  0  0  -3  0   0  2  0  1  1  0/0    15:53   1:14   0:00 
Michael Davies           0  0  0  -3  0   3  2  1  4  1  0/0    16:44   1:14   0:29 
Micheal Haley            0  0  0   0  0   2  4  0  0  1  0/0    10:00   0:00   0:00 
Patrik Nemeth            0  0  0  -2  0   1  2  0  1  2  0/0    19:28   0:52   1:15 
Spencer Machacek         0  0  0   0  2   1  1  0  1  1  3/4    20:25   0:44   2:22 
Steven Delisle           0  0  0  -1  0   1  0  2  0  2  0/0    16:51   0:00   1:13 
Vinny Saponari           0  0  0   0  0   0  0  0  4  1  0/0    11:35   0:00   0:00 
Wacey Hamilton           0  0  0  -2  0   1  1  0  1  0  3/9    16:47   1:14   0:39 
Zac Dalpe                1  0  1   0  0   5  1  0  2  1  4/10   20:00   0:45   4:15 

Players Stats for Sharks

Player Name              G  A  P  +/- PIM S  H  SB GA TA FO     MP     PP MP  PK MP  
------------------------------------------------------------------------------------
Andy Andreoff            1  1  2   2  0   1  1  0  0  2  3/5    14:40   0:00   0:51 
Bobby Farnham            0  0  0   0  0   0  2  0  0  0  2/2    10:41   0:00   0:00 
Brendan Mikkelson        1  0  1   0  0   1  1  0  0  2  0/0    25:05   3:15   1:02 
David van der Gulik      0  0  0  -1  0   2  2  0  3  2  0/0    15:27   1:04   0:00 
Dominik Uher             2  0  2   2  0   2  1  1  1  1  3/8    18:35   2:46   0:00 
Eric Selleck             0  0  0   1  0   0  0  0  0  0  0/0     5:02   0:00   0:55 
Joey Mormina             0  0  0   2  0   0  1  1  0  0  0/0    13:56   0:00   0:00 
John Kurtz               0  0  0   0  0   0  0  0  0  0  0/0     0:00   0:00   0:00 
Louis Leblanc            1  2  3   2  2   2  3  0  2  0  4/8    20:00   2:38   0:00 
Luke Glendening          0  1  1   0  0   1  4  1  3  2  1/2    20:59   2:07   0:57 
Marek Hrivik             0  1  1   3  0   3  0  0  0  0  1/1    16:59   2:38   0:00 
Mark Barberio            0  3  3   0  0   2  1  3  3  0  0/0    24:41   3:15   1:02 
Mike Halmo               0  2  2   2  0   0  6  0  2  1  1/1    18:35   2:46   0:00 
Patrick McNeill          0  0  0   2  0   1  0  6  0  1  0/0    21:23   2:09   0:57 
Ryan Hamilton            0  0  0   0  0   0  1  0  1  1  0/0    14:53   0:00   0:44 
Tom Kostopoulos          1  1  2   1  0   5  0  0  4  1  1/2    21:45   2:13   0:31 
Wade Brookbank           0  0  0   2  0   0  0  0  1  2  0/0    13:56   0:00   0:00 
Xavier Ouellet           0  0  0   2  0   0  1  1  1  3  0/0    21:23   2:09   0:57 

3 Stars

1 - Dominik Uher (WOR)
2 - Louis Leblanc (WOR)
3 - Mike Halmo (WOR)

Power Play

Stars - 0 on 1 Attempt(s) - 0.00%
Sharks - 1 on 3 Attempt(s) - 33.33%

Penalty Kill

Stars - 2 on 3 Attempt(s) - 66.67% - Score 0 goal in Penalty Kill
Sharks - 1 on 1 Attempt(s) - 100.00% - Score 0 goal in Penalty Kill

Official

Referees : Unknown
Linesman : Unknown

Game Notes

Farm Player79 enters game at 4:21 of 3rd period

Finance

Level 1 -- Attendance: 1394 (69.70%) -- Ticket Income $48,790
Level 2 -- Attendance: 756 (75.60%) -- Ticket Income $11,340
Total Attendance: 2150 (71.67%)
Total Ticket Income: $60,130
Other Income: $29,464
Total Income: $89,594

Stars

5 vs 5 Forward 
   Center                   Left Wing                Right Wing               Time % Phy DF OF 
 1 Zac Dalpe                Justin Shugg             Spencer Machacek         35     1   2  2  
 2 Wacey Hamilton           Matt Watkins             Michael Davies           30     1   2  2  
 3 Matt Lowry               Carter Bancks            Alexandre Grenier        22     1   2  2  
 4 Spencer Machacek         Micheal Haley            Vinny Saponari           13     1   2  2  

5 vs 5 Defense 
   Defense                  Defense                                           Time % Phy DF OF 
 1 Carlo Colaiacovo         Jamie Oleksiak                                    35     1   2  2  
 2 Cameron Gaunce           Patrik Nemeth                                     30     1   2  2  
 3 Austin Madaisky          Steven Delisle                                    22     1   2  2  
 4 Carlo Colaiacovo         Jamie Oleksiak                                    13     1   2  2  

PowerPlay Forward 
   Center                   Left Wing                Right Wing               Time % Phy DF OF 
 1 Zac Dalpe                Justin Shugg             Spencer Machacek         60     1   2  2  
 2 Wacey Hamilton           Matt Watkins             Michael Davies           40     1   2  2  

PowerPlay Defense
   Defense                  Defense                                           Time % Phy DF OF 
 1 Carlo Colaiacovo         Jamie Oleksiak                                    60     1   2  2  
 2 Cameron Gaunce           Patrik Nemeth                                     40     1   2  2  

Penalty Kill 4 Players Forward 
   Center                   Wing                     Time % Phy DF OF 
 1 Spencer Machacek         Zac Dalpe                60     1   2  2  
 2 Justin Shugg             Michael Davies           40     1   2  2  

Penalty Kill 4 Players Defense
   Defense                  Defense                  Time % Phy DF OF 
 1 Carlo Colaiacovo         Jamie Oleksiak           60     1   2  2  
 2 Cameron Gaunce           Patrik Nemeth            40     1   2  2  

Penalty Kill - 3 Players Forward 
   Forward                                           Time % Phy DF OF 
 1 Spencer Machacek                                  60     1   2  2  
 2 Zac Dalpe                                         40     1   2  2  

Penalty Kill - 3 Players Defense
   Defense                  Defense                  Time % Phy DF OF 
 1 Carlo Colaiacovo         Jamie Oleksiak           60     1   2  2  
 2 Cameron Gaunce           Patrik Nemeth            40     1   2  2  

4 vs 4 Forward 
   Center                   Wing                     Time % Phy DF OF 
 1 Spencer Machacek         Zac Dalpe                60     1   2  2  
 2 Justin Shugg             Michael Davies           40     1   2  2  

4 vs 4 Defense
   Defense                  Defense                  Time % Phy DF OF 
 1 Carlo Colaiacovo         Jamie Oleksiak           60     1   2  2  
 2 Cameron Gaunce           Patrik Nemeth            40     1   2  2  

Last Minutes Offensive
   Center                   Left Wing                Right Wing               Defense                  Defense                  
   Zac Dalpe                Justin Shugg             Spencer Machacek         Carlo Colaiacovo         Jamie Oleksiak           

Last Minutes Defensive
   Center                   Left Wing                Right Wing               Defense                  Defense                  
   Zac Dalpe                Justin Shugg             Spencer Machacek         Carlo Colaiacovo         Jamie Oleksiak           

Goaltenders
Starting : Farm Player78            
Backup : Farm Player79            

Extra Forwards
Normal : Alexandre Grenier, Vinny Saponari, Carter Bancks - PP : Alexandre Grenier, Vinny Saponari - PK : Carter Bancks
Extra Defensemen
Normal : Austin Madaisky, Steven Delisle, Cameron Gaunce - PP : Austin Madaisky - PK : Steven Delisle, Cameron Gaunce
Penalty Shots
Spencer Machacek, Zac Dalpe, Justin Shugg, Michael Davies, Alexandre Grenier

Sharks

5 vs 5 Forward 
   Center                   Left Wing                Right Wing               Time % Phy DF OF 
 1 Dominik Uher             Mike Halmo               Luke Glendening          35     1   2  2  
 2 Louis Leblanc            Marek Hrivik             Tom Kostopoulos          30     1   2  2  
 3 Andy Andreoff            David van der Gulik      Luke Glendening          22     1   2  2  
 4 Bobby Farnham            Ryan Hamilton            Tom Kostopoulos          13     1   2  2  

5 vs 5 Defense 
   Defense                  Defense                                           Time % Phy DF OF 
 1 Brendan Mikkelson        Mark Barberio                                     35     1   2  2  
 2 Xavier Ouellet           Patrick McNeill                                   30     1   2  2  
 3 Wade Brookbank           Joey Mormina                                      22     1   2  2  
 4 Brendan Mikkelson        Mark Barberio                                     13     1   2  2  

PowerPlay Forward 
   Center                   Left Wing                Right Wing               Time % Phy DF OF 
 1 Dominik Uher             Mike Halmo               Luke Glendening          60     1   2  2  
 2 Louis Leblanc            Marek Hrivik             Tom Kostopoulos          40     1   2  2  

PowerPlay Defense
   Defense                  Defense                                           Time % Phy DF OF 
 1 Brendan Mikkelson        Mark Barberio                                     60     1   2  2  
 2 Xavier Ouellet           Patrick McNeill                                   40     1   2  2  

Penalty Kill 4 Players Forward 
   Center                   Wing                     Time % Phy DF OF 
 1 Luke Glendening          Tom Kostopoulos          60     1   2  2  
 2 Mike Halmo               Marek Hrivik             40     1   2  2  

Penalty Kill 4 Players Defense
   Defense                  Defense                  Time % Phy DF OF 
 1 Brendan Mikkelson        Mark Barberio            60     1   2  2  
 2 Xavier Ouellet           Patrick McNeill          40     1   2  2  

Penalty Kill - 3 Players Forward 
   Forward                                           Time % Phy DF OF 
 1 Luke Glendening                                   60     1   2  2  
 2 Tom Kostopoulos                                   40     1   2  2  

Penalty Kill - 3 Players Defense
   Defense                  Defense                  Time % Phy DF OF 
 1 Brendan Mikkelson        Mark Barberio            60     1   2  2  
 2 Xavier Ouellet           Patrick McNeill          40     1   2  2  

4 vs 4 Forward 
   Center                   Wing                     Time % Phy DF OF 
 1 Luke Glendening          Tom Kostopoulos          60     1   2  2  
 2 Mike Halmo               Marek Hrivik             40     1   2  2  

4 vs 4 Defense
   Defense                  Defense                  Time % Phy DF OF 
 1 Brendan Mikkelson        Mark Barberio            60     1   2  2  
 2 Xavier Ouellet           Patrick McNeill          40     1   2  2  

Last Minutes Offensive
   Center                   Left Wing                Right Wing               Defense                  Defense                  
   Dominik Uher             Mike Halmo               Luke Glendening          Brendan Mikkelson        Mark Barberio            

Last Minutes Defensive
   Center                   Left Wing                Right Wing               Defense                  Defense                  
   Dominik Uher             Mike Halmo               Luke Glendening          Brendan Mikkelson        Mark Barberio            

Goaltenders
Starting : Aaron Dell               
Backup : Farm Player76            

Extra Forwards
Normal : David van der Gulik, Andy Andreoff, Ryan Hamilton - PP : David van der Gulik, Andy Andreoff - PK : Ryan Hamilton
Extra Defensemen
Normal : Wade Brookbank, Joey Mormina, Xavier Ouellet - PP : Wade Brookbank - PK : Joey Mormina, Xavier Ouellet
Penalty Shots
Luke Glendening, Tom Kostopoulos, Mike Halmo, Marek Hrivik, David van der Gulik

% Time on Ice - Stars

Lines # - Real PCT - Wanted PCT - Time Play
Normal Forward
1 - 27% - 35% - 14:23
2 - 28% - 30% - 14:39
3 - 26% - 22% - 13:35
4 - 19% - 13% - 10:00
Normal Defense
1 - 30% - 35% - 15:56
2 - 33% - 30% - 17:21
3 - 30% - 22% - 15:38
4 - 7% - 13% - 3:42
PP Forward
1 - 38% - 60% - 0:45
2 - 62% - 40% - 1:14
PP Defense
1 - 56% - 60% - 1:07
2 - 44% - 40% - 0:52
PK Forward
1 - 91% - 60% - 4:55
2 - 9% - 40% - 0:29
PK Defense
1 - 77% - 60% - 4:09
2 - 23% - 40% - 1:15
PK3 Forward
1 - 0% - 60%
2 - 0% - 40%
PK3 Defense
1 - 0% - 60%
2 - 0% - 40%
44 Forward
1 - 0% - 60%
2 - 0% - 40%
44 Defense
1 - 0% - 60%
2 - 0% - 40%
Last Minute Offensive  - 0:00
Last Minute Defensive  - 0:00
Total
Forward - 60:00
Defense - 60:00

% Time on Ice - Sharks

Lines # - Real PCT - Wanted PCT - Time Play
Normal Forward
1 - 33% - 35% - 17:11
2 - 27% - 30% - 14:21
3 - 21% - 22% - 10:51
4 - 19% - 13% - 10:14
Normal Defense
1 - 31% - 35% - 16:22
2 - 35% - 30% - 18:17
3 - 26% - 22% - 13:56
4 - 8% - 13% - 4:02
PP Forward
1 - 51% - 60% - 2:46
2 - 49% - 40% - 2:38
PP Defense
1 - 60% - 60% - 3:15
2 - 40% - 40% - 2:09
PK Forward
1 - 100% - 60% - 1:59
2 - 0% - 40% - 0:00
PK Defense
1 - 52% - 60% - 1:02
2 - 48% - 40% - 0:57
PK3 Forward
1 - 0% - 60%
2 - 0% - 40%
PK3 Defense
1 - 0% - 60%
2 - 0% - 40%
44 Forward
1 - 0% - 60%
2 - 0% - 40%
44 Defense
1 - 0% - 60%
2 - 0% - 40%
Last Minute Offensive  - 0:00
Last Minute Defensive  - 0:00
Total
Forward - 60:00
Defense - 60:00

Play by Play

1st period


0:01 of 1st period - Dominik Uher wins face-off versus Zac Dalpe in neutral zone.
0:04 of 1st period - Justin Shugg is hit by Mike Halmo and loses puck.
0:50 of 1st period - Snap shot by Mark Barberio.
0:50 of 1st period - Deflect By Tom Kostopoulos.
0:50 of 1st period - Stopped by Farm Player78 with a rebound.
1:06 of 1st period - Patrick McNeill is hit by Michael Davies and loses puck.
1:35 of 1st period - Jamie Oleksiak is hit by Luke Glendening and loses puck.
1:50 of 1st period - Slapshot by David van der Gulik.
1:50 of 1st period - Stopped by Farm Player78 with a rebound.
2:28 of 1st period - Mark Barberio is hit by Matt Lowry and loses puck.
2:33 of 1st period - Snap shot by Matt Lowry.
2:33 of 1st period - Stopped by Aaron Dell with a rebound.
2:55 of 1st period - Snap shot by Vinny Saponari.
2:55 of 1st period - Shot Misses the Net.
3:08 of 1st period - Austin Madaisky is hit by Mark Barberio and loses puck.
3:33 of 1st period - Wrist shot by Zac Dalpe.
3:33 of 1st period - Stopped by Aaron Dell with a rebound.
3:49 of 1st period - Wrist shot by Alexandre Grenier.
3:49 of 1st period - Shot Blocked by Patrick McNeill.
4:04 of 1st period - Wrist shot by David van der Gulik.
4:04 of 1st period - Stopped by Farm Player78 with a rebound.
4:08 of 1st period - Slapshot by Andy Andreoff.
4:08 of 1st period - Shot Misses the Net.
4:44 of 1st period - Wrist shot by Luke Glendening.
4:44 of 1st period - Shot Misses the Net.
5:05 of 1st period - Wacey Hamilton is hit by Louis Leblanc and loses puck.
5:17 of 1st period - Wacey Hamilton is hit by Louis Leblanc and loses puck.
5:34 of 1st period - Slapshot by Mark Barberio.
5:34 of 1st period - Shot Blocked by Cameron Gaunce.
6:21 of 1st period - Matt Lowry is hit by Mike Halmo.
6:47 of 1st period - Ryan Hamilton is hit by Micheal Haley and loses puck.
7:00 of 1st period - Snap shot by Micheal Haley.
7:00 of 1st period - Shot Misses the Net.
7:45 of 1st period - Justin Shugg is hit by Joey Mormina and loses puck.
8:02 of 1st period - Slapshot by Vinny Saponari.
8:02 of 1st period - Shot Misses the Net.
8:24 of 1st period - Vinny Saponari is hit by Mike Halmo.
8:28 of 1st period - Wrist shot by Micheal Haley.
8:28 of 1st period - Stopped by Aaron Dell with a rebound.
9:19 of 1st period - Michael Davies is hit by Andy Andreoff.
9:23 of 1st period - Snap shot by Andy Andreoff.
9:23 of 1st period - Goal by Andy Andreoff - Stars : 0 - Sharks : 1.
9:24 of 1st period - Spencer Machacek wins face-off versus Louis Leblanc in neutral zone.
10:01 of 1st period - Snap shot by Mike Halmo.
10:01 of 1st period - Shot Blocked by Steven Delisle.
11:21 of 1st period - Louis Leblanc is hit by Patrik Nemeth.
11:37 of 1st period - Icing by Vinny Saponari.
11:38 of 1st period - Wacey Hamilton wins face-off versus Tom Kostopoulos in Stars zone.
11:43 of 1st period - Tom Kostopoulos is hit by Cameron Gaunce and loses puck.
13:11 of 1st period - Luke Glendening is hit by Austin Madaisky and loses puck.
13:16 of 1st period - Snap shot by Michael Davies.
13:16 of 1st period - Stopped by Aaron Dell without a rebound.
13:17 of 1st period - Louis Leblanc wins face-off versus Wacey Hamilton in Sharks zone.
13:24 of 1st period - Matt Watkins is hit by Brendan Mikkelson and loses puck.
13:56 of 1st period - Icing by Justin Shugg.
13:57 of 1st period - Andy Andreoff wins face-off versus Zac Dalpe in Stars zone.
14:34 of 1st period - Xavier Ouellet is hit by Matt Watkins and loses puck.
14:47 of 1st period - Snap shot by Michael Davies.
14:47 of 1st period - Stopped by Aaron Dell with a rebound.
16:42 of 1st period - Slapshot by Patrik Nemeth.
16:42 of 1st period - Shot Blocked by Xavier Ouellet.
16:58 of 1st period - Mike Halmo is hit by Carter Bancks and loses puck.
17:07 of 1st period - Dominik Uher is hit by Jamie Oleksiak and loses puck.
17:24 of 1st period - Xavier Ouellet is hit by Carlo Colaiacovo and loses puck.
17:51 of 1st period - Slapshot by Mark Barberio.
17:51 of 1st period - Shot Blocked by Michael Davies.
17:53 of 1st period - Snap shot by Brendan Mikkelson.
17:53 of 1st period - Goal by Brendan Mikkelson - Stars : 0 - Sharks : 2.
17:54 of 1st period - Louis Leblanc wins face-off versus Zac Dalpe in neutral zone.
18:09 of 1st period - Slapshot by Mark Barberio.
18:09 of 1st period - Shot Blocked by Carlo Colaiacovo.
18:13 of 1st period - Wrist shot by Tom Kostopoulos.
18:13 of 1st period - Shot Blocked by Jamie Oleksiak.
18:26 of 1st period - Minor Penalty to Spencer Machacek for Holding.
18:27 of 1st period - Carter Bancks wins face-off versus Louis Leblanc in Stars zone.
18:46 of 1st period - Snap shot by Tom Kostopoulos.
18:46 of 1st period - Shot Blocked by Carlo Colaiacovo.
19:00 of 1st period - Snap shot by Mark Barberio.
19:00 of 1st period - Stopped by Farm Player78 with a rebound.
19:02 of 1st period - Slapshot by Brendan Mikkelson.
19:02 of 1st period - Shot Misses the Net.
Goals for this period are 0 for Stars vs 2 for Sharks.
Shots for this period are 5 for Stars vs 6 for Sharks.

2nd period


0:01 of 2nd period - Carter Bancks wins face-off versus Dominik Uher in neutral zone.
0:10 of 2nd period - Backhand shot by Mark Barberio.
0:10 of 2nd period - Stopped by Farm Player78 with a rebound.
0:26 of 2nd period - Penalty to Spencer Machacek is over, Spencer Machacek is back on ice.
0:48 of 2nd period - Carlo Colaiacovo is hit by Mike Halmo and loses puck.
0:59 of 2nd period - Slapshot by Tom Kostopoulos.
0:59 of 2nd period - Stopped by Farm Player78 with a rebound.
1:01 of 2nd period - Slapshot by Patrick McNeill.
1:01 of 2nd period - Stopped by Farm Player78 with a rebound.
1:23 of 2nd period - Snap shot by Tom Kostopoulos.
1:23 of 2nd period - Stopped by Farm Player78 with a rebound.
1:25 of 2nd period - Snap shot by Marek Hrivik.
1:25 of 2nd period - Stopped by Farm Player78 with a rebound.
1:27 of 2nd period - Wrist shot by Tom Kostopoulos.
1:27 of 2nd period - Goal by Tom Kostopoulos - Stars : 0 - Sharks : 3.
1:28 of 2nd period - Andy Andreoff wins face-off versus Wacey Hamilton in neutral zone.
1:33 of 2nd period - Snap shot by Mark Barberio.
1:33 of 2nd period - Shot Blocked by Cameron Gaunce.
3:11 of 2nd period - Mike Halmo is hit by Micheal Haley and loses puck.
3:20 of 2nd period - Wrist shot by Vinny Saponari.
3:20 of 2nd period - Shot Blocked by Dominik Uher.
3:22 of 2nd period - Slapshot by Jamie Oleksiak.
3:22 of 2nd period - Deflect By Patrick McNeill.
3:22 of 2nd period - Stopped by Aaron Dell with a rebound.
3:37 of 2nd period - Off-side.
3:38 of 2nd period - Bobby Farnham wins face-off versus Matt Lowry in neutral zone.
4:09 of 2nd period - Tom Kostopoulos is hit by Alexandre Grenier and loses puck.
4:30 of 2nd period - Joey Mormina is hit by Justin Shugg and loses puck.
4:58 of 2nd period - Slapshot by Mark Barberio.
4:58 of 2nd period - Shot Misses the Net.
5:10 of 2nd period - Wrist shot by Micheal Haley.
5:10 of 2nd period - Stopped by Aaron Dell with a rebound.
5:24 of 2nd period - Snap shot by Michael Davies.
5:24 of 2nd period - Deflect By Mark Barberio.
5:24 of 2nd period - Stopped by Aaron Dell without a rebound.
5:25 of 2nd period - Mike Halmo wins face-off versus Wacey Hamilton in Sharks zone.
5:25 of 2nd period - Mike Halmo is hit by Wacey Hamilton.
5:59 of 2nd period - Alexandre Grenier is hit by David van der Gulik and loses puck.
6:04 of 2nd period - Snap shot by David van der Gulik.
6:04 of 2nd period - Shot Misses the Net.
6:06 of 2nd period - Slapshot by Patrick McNeill.
6:06 of 2nd period - Shot Blocked by Carter Bancks.
6:14 of 2nd period - David van der Gulik is hit by Alexandre Grenier and loses puck.
7:03 of 2nd period - Jamie Oleksiak is hit by Mike Halmo and loses puck.
7:12 of 2nd period - Slapshot by Mike Halmo.
7:12 of 2nd period - Shot Blocked by Carlo Colaiacovo.
7:30 of 2nd period - Micheal Haley is hit by Ryan Hamilton and loses puck.
7:58 of 2nd period - Wrist shot by Matt Watkins.
7:58 of 2nd period - Shot Misses the Net.
8:16 of 2nd period - Wrist shot by Matt Lowry.
8:16 of 2nd period - Shot Misses the Net.
8:18 of 2nd period - Slapshot by Steven Delisle.
8:18 of 2nd period - Deflect By Mark Barberio.
8:18 of 2nd period - Stopped by Aaron Dell without a rebound.
8:19 of 2nd period - Matt Lowry wins face-off versus Dominik Uher in Sharks zone.
9:02 of 2nd period - Snap shot by Marek Hrivik.
9:02 of 2nd period - Shot Misses the Net.
9:25 of 2nd period - Matt Lowry is hit by Xavier Ouellet and loses puck.
9:56 of 2nd period - Slapshot by Jamie Oleksiak.
9:56 of 2nd period - Shot Misses the Net.
9:58 of 2nd period - Slapshot by Carlo Colaiacovo.
9:58 of 2nd period - Shot Misses the Net.
10:19 of 2nd period - Tom Kostopoulos is hit by Carlo Colaiacovo and loses puck.
10:40 of 2nd period - Snap shot by Carter Bancks.
10:40 of 2nd period - Stopped by Aaron Dell with a rebound.
10:42 of 2nd period - Wrist shot by Alexandre Grenier.
10:42 of 2nd period - Shot Misses the Net.
10:44 of 2nd period - Wrist shot by Alexandre Grenier.
10:44 of 2nd period - Stopped by Aaron Dell with a rebound.
12:18 of 2nd period - Wrist shot by Zac Dalpe.
12:18 of 2nd period - Shot Misses the Net.
12:20 of 2nd period - Snap shot by Jamie Oleksiak.
12:20 of 2nd period - Stopped by Aaron Dell with a rebound.
12:22 of 2nd period - Wrist shot by Zac Dalpe.
12:22 of 2nd period - Shot Misses the Net.
13:16 of 2nd period - Austin Madaisky is hit by David van der Gulik and loses puck.
13:37 of 2nd period - Snap shot by Zac Dalpe.
13:37 of 2nd period - Shot Misses the Net.
13:49 of 2nd period - Jamie Oleksiak is hit by Bobby Farnham.
14:01 of 2nd period - Spencer Machacek is hit by Dominik Uher and loses puck.
14:28 of 2nd period - Wade Brookbank is hit by Matt Watkins and loses puck.
14:49 of 2nd period - Luke Glendening is hit by Patrik Nemeth and loses puck.
16:11 of 2nd period - Ryan Hamilton is hit by Micheal Haley.
16:35 of 2nd period - Wrist shot by Zac Dalpe.
16:35 of 2nd period - Shot Misses the Net.
16:37 of 2nd period - Slapshot by Carlo Colaiacovo.
16:37 of 2nd period - Shot Blocked by Luke Glendening.
16:39 of 2nd period - Wrist shot by Jamie Oleksiak.
16:39 of 2nd period - Deflect By Zac Dalpe.
16:39 of 2nd period - Stopped by Aaron Dell with a rebound.
16:45 of 2nd period - Snap shot by Zac Dalpe.
16:45 of 2nd period - Shot Blocked by Mark Barberio.
16:47 of 2nd period - Slapshot by Carlo Colaiacovo.
16:47 of 2nd period - Shot Blocked by Mark Barberio.
17:16 of 2nd period - Icing by Wade Brookbank.
17:17 of 2nd period - Bobby Farnham wins face-off versus Zac Dalpe in Sharks zone.
17:30 of 2nd period - Snap shot by Zac Dalpe.
17:30 of 2nd period - Deflect By Michael Davies.
17:30 of 2nd period - Shot Blocked by Patrick McNeill.
17:30 of 2nd period - Puck is out of play.
17:31 of 2nd period - Marek Hrivik wins face-off versus Zac Dalpe in Sharks zone.
18:09 of 2nd period - Wrist shot by Alexandre Grenier.
18:09 of 2nd period - Shot Misses the Net.
18:19 of 2nd period - Austin Madaisky is hit by Luke Glendening and loses puck.
19:14 of 2nd period - Wrist shot by Justin Shugg.
19:14 of 2nd period - Shot Misses the Net.
19:16 of 2nd period - Wrist shot by Spencer Machacek.
19:16 of 2nd period - Stopped by Aaron Dell without a rebound.
19:17 of 2nd period - Dominik Uher wins face-off versus Zac Dalpe in Sharks zone.
19:24 of 2nd period - Dominik Uher is hit by Spencer Machacek and loses puck.
Goals for this period are 0 for Stars vs 1 for Sharks.
Shots for this period are 9 for Stars vs 6 for Sharks.

3rd period


0:01 of 3rd period - Zac Dalpe wins face-off versus Louis Leblanc in neutral zone.
0:21 of 3rd period - Snap shot by Tom Kostopoulos.
0:21 of 3rd period - Shot Misses the Net.
0:23 of 3rd period - Snap shot by Marek Hrivik.
0:23 of 3rd period - Stopped by Farm Player78 with a rebound.
0:25 of 3rd period - Snap shot by Tom Kostopoulos.
0:25 of 3rd period - Deflect By Louis Leblanc.
0:25 of 3rd period - Stopped by Farm Player78 with a rebound.
0:27 of 3rd period - Wrist shot by Tom Kostopoulos.
0:27 of 3rd period - Stopped by Farm Player78 with a rebound.
0:29 of 3rd period - Wrist shot by Tom Kostopoulos.
0:29 of 3rd period - Shot Misses the Net.
0:31 of 3rd period - Snap shot by Marek Hrivik.
0:31 of 3rd period - Stopped by Farm Player78 without a rebound.
0:32 of 3rd period - Wacey Hamilton wins face-off versus Dominik Uher in Stars zone.
0:41 of 3rd period - Patrick McNeill is hit by Michael Davies and loses puck.
1:07 of 3rd period - Matt Watkins is hit by Luke Glendening and loses puck.
1:27 of 3rd period - Ryan Hamilton is hit by Alexandre Grenier and loses puck.
1:46 of 3rd period - Jamie Oleksiak is hit by Bobby Farnham.
2:16 of 3rd period - Wrist shot by Zac Dalpe.
2:16 of 3rd period - Goal by Zac Dalpe - Stars : 1 - Sharks : 3.
2:17 of 3rd period - Zac Dalpe wins face-off versus Andy Andreoff in neutral zone.
2:32 of 3rd period - Snap shot by Luke Glendening.
2:32 of 3rd period - Shot Misses the Net.
4:19 of 3rd period - Wrist shot by Mike Halmo.
4:19 of 3rd period - Deflect By Luke Glendening.
4:19 of 3rd period - Stopped by Farm Player78 with a rebound.
4:21 of 3rd period - Slapshot by Dominik Uher.
4:21 of 3rd period - Goal by Dominik Uher - Stars : 1 - Sharks : 4.
4:21 of 3rd period - Farm Player79 enters game.
4:22 of 3rd period - Zac Dalpe wins face-off versus Andy Andreoff in neutral zone.
4:28 of 3rd period - Minor Penalty to Jamie Oleksiak for Tripping.
4:29 of 3rd period - Spencer Machacek wins face-off versus Dominik Uher in Stars zone.
5:27 of 3rd period - Carlo Colaiacovo is hit by Louis Leblanc and loses puck.
5:39 of 3rd period - Off-side.
5:40 of 3rd period - Spencer Machacek wins face-off versus Luke Glendening in neutral zone.
5:53 of 3rd period - Wrist shot by Spencer Machacek.
5:53 of 3rd period - Shot Misses the Net.
6:15 of 3rd period - Wrist shot by Tom Kostopoulos.
6:15 of 3rd period - Deflect By Cameron Gaunce.
6:15 of 3rd period - Shot Misses the Net.
6:15 of 3rd period - Puck is out of play.
6:16 of 3rd period - Tom Kostopoulos wins face-off versus Justin Shugg in Stars zone.
6:17 of 3rd period - Slapshot by Mark Barberio.
6:17 of 3rd period - Deflect By Louis Leblanc.
6:17 of 3rd period - Goal by Louis Leblanc - Stars : 1 - Sharks : 5.
6:18 of 3rd period - Louis Leblanc wins face-off versus Wacey Hamilton in neutral zone.
7:04 of 3rd period - Snap shot by Mark Barberio.
7:04 of 3rd period - Shot Misses the Net.
7:16 of 3rd period - Alexandre Grenier is hit by Mike Halmo and loses puck.
7:33 of 3rd period - Wrist shot by Carter Bancks.
7:33 of 3rd period - Shot Misses the Net.
7:35 of 3rd period - Snap shot by Matt Lowry.
7:35 of 3rd period - Shot Blocked by Patrick McNeill.
7:37 of 3rd period - Wrist shot by Alexandre Grenier.
7:37 of 3rd period - Deflect By Carter Bancks.
7:37 of 3rd period - Stopped by Aaron Dell with a rebound.
7:39 of 3rd period - Snap shot by Matt Lowry.
7:39 of 3rd period - Shot Misses the Net.
7:41 of 3rd period - Backhand shot by Steven Delisle.
7:41 of 3rd period - Shot Blocked by Patrick McNeill.
7:43 of 3rd period - Snap shot by Matt Lowry.
7:43 of 3rd period - Stopped by Aaron Dell with a rebound.
7:45 of 3rd period - Slapshot by Austin Madaisky.
7:45 of 3rd period - Deflect By Tom Kostopoulos.
7:45 of 3rd period - Stopped by Aaron Dell with a rebound.
8:11 of 3rd period - Luke Glendening is hit by Micheal Haley and loses puck.
9:16 of 3rd period - Brendan Mikkelson is hit by Zac Dalpe and loses puck.
9:26 of 3rd period - Off-side.
9:27 of 3rd period - Andy Andreoff wins face-off versus Wacey Hamilton in neutral zone.
9:30 of 3rd period - Slapshot by Jamie Oleksiak.
9:30 of 3rd period - Shot Blocked by Patrick McNeill.
10:16 of 3rd period - Slapshot by Carlo Colaiacovo.
10:16 of 3rd period - Shot Blocked by Patrick McNeill.
10:28 of 3rd period - Wrist shot by Matt Lowry.
10:28 of 3rd period - Shot Misses the Net.
10:43 of 3rd period - Snap shot by Cameron Gaunce.
10:43 of 3rd period - Shot Blocked by Joey Mormina.
10:45 of 3rd period - Slapshot by Cameron Gaunce.
10:45 of 3rd period - Stopped by Aaron Dell with a rebound.
11:37 of 3rd period - Off-side.
11:38 of 3rd period - Dominik Uher wins face-off versus Matt Lowry in neutral zone.
11:43 of 3rd period - Slapshot by Mike Halmo.
11:43 of 3rd period - Shot Misses the Net.
12:01 of 3rd period - Slapshot by Carlo Colaiacovo.
12:01 of 3rd period - Stopped by Aaron Dell without a rebound.
12:02 of 3rd period - Wacey Hamilton wins face-off versus Louis Leblanc in Sharks zone.
12:07 of 3rd period - Snap shot by Michael Davies.
12:07 of 3rd period - Deflect By Wacey Hamilton.
12:07 of 3rd period - Stopped by Aaron Dell with a rebound.
12:31 of 3rd period - Slapshot by Zac Dalpe.
12:31 of 3rd period - Stopped by Aaron Dell with a rebound.
12:45 of 3rd period - Slapshot by Matt Lowry.
12:45 of 3rd period - Shot Misses the Net.
12:47 of 3rd period - Slapshot by Patrik Nemeth.
12:47 of 3rd period - Stopped by Aaron Dell with a rebound.
12:49 of 3rd period - Snap shot by Alexandre Grenier.
12:49 of 3rd period - Stopped by Aaron Dell with a rebound.
12:59 of 3rd period - Minor Penalty to Louis Leblanc for Hooking.
13:00 of 3rd period - Luke Glendening wins face-off versus Wacey Hamilton in Sharks zone.
13:23 of 3rd period - Snap shot by Michael Davies.
13:23 of 3rd period - Shot Misses the Net.
13:25 of 3rd period - Slapshot by Jamie Oleksiak.
13:25 of 3rd period - Stopped by Aaron Dell with a rebound.
14:41 of 3rd period - Brendan Mikkelson is hit by Cameron Gaunce and loses puck.
14:54 of 3rd period - Slapshot by Carlo Colaiacovo.
14:54 of 3rd period - Shot Blocked by Mark Barberio.
14:59 of 3rd period - Penalty to Louis Leblanc is over, Louis Leblanc is back on ice.
15:04 of 3rd period - Slapshot by Carlo Colaiacovo.
15:04 of 3rd period - Stopped by Aaron Dell with a rebound.
15:06 of 3rd period - Slapshot by Austin Madaisky.
15:06 of 3rd period - Deflect By Mark Barberio.
15:06 of 3rd period - Stopped by Aaron Dell with a rebound.
15:16 of 3rd period - Snap shot by Zac Dalpe.
15:16 of 3rd period - Stopped by Aaron Dell with a rebound.
16:59 of 3rd period - Slapshot by Luke Glendening.
16:59 of 3rd period - Shot Blocked by Steven Delisle.
17:46 of 3rd period - Snap shot by Dominik Uher.
17:46 of 3rd period - Shot Misses the Net.
17:48 of 3rd period - Snap shot by Andy Andreoff.
17:48 of 3rd period - Shot Misses the Net.
17:50 of 3rd period - Snap shot by Dominik Uher.
17:50 of 3rd period - Goal by Dominik Uher - Stars : 1 - Sharks : 6.
17:51 of 3rd period - Zac Dalpe wins face-off versus Dominik Uher in neutral zone.
17:56 of 3rd period - Snap shot by Justin Shugg.
17:56 of 3rd period - Shot Misses the Net.
18:21 of 3rd period - Wrist shot by Tom Kostopoulos.
18:21 of 3rd period - Shot Blocked by Carlo Colaiacovo.
18:23 of 3rd period - Minor Penalty to Alexandre Grenier for Holding.
18:24 of 3rd period - Louis Leblanc wins face-off versus Spencer Machacek in Stars zone.
19:44 of 3rd period - Carlo Colaiacovo is hit by Luke Glendening and loses puck.
Goals for this period are 1 for Stars vs 3 for Sharks.
Shots for this period are 14 for Stars vs 8 for Sharks.


Output by the SimonT Hockey Simulator (STHS) for Eric Dolegowski -- Original Page W3C XHTML 1.0 Valid
Hockey Simulator - Hockey Simulation - Hockey Manager